AoeStats
← andres-4593

Arena

510398571Analyzed
2v2 RM · 16h ago on Sep 30, 2026· 61m 3s· 4 players
Game mode
Random Map
Map size
Medium (4 player)
Population
200
Speed
Normal
Resources
Standard
Victory
Conquest
Starting age
Dark Age
Ending age
Imperial Age
RankedLock teamsTeams togetherTeam positionsShared explorationLock speedFull tech treeHidden civsTurbo modeCheats
Victory
Defeat
🇩🇪 Britons · Germany
458
+17
🇨🇴 Khmer · Colombia
453
+17
🇧🇷 Romans · Brazil
524
-19
🇧🇷 Koreans · Brazil
423
-15
unrealized
11:19 Feudal Age
11:45 Double-Bit Axe
11:43 Horse Collar
14:08 Wheelbarrow
20:33 Town Watch
23:23 Castle Age
24:05 Stone Mining
24:10 Gold Mining
25:46 Heavy Plow
25:57 Bow Saw
25:19 Crossbowman
27:21 Padded Archer Armor
28:42 Hand Cart
30:07 Leather Archer Armor
30:54 Gold Shaft Mining
30:35 Forging
38:18 Imperial Age
36:31 Fletching
37:18 Iron Casting
38:07 Light Cavalry
38:23 Capped Ram
38:51 Arbalester
40:46 Chemistry
40:14 Cavalier
40:56 Husbandry
41:06 Scale Barding Armor
41:33 Ring Archer Armor
42:10 Ballistics
42:37 Elite Skirmisher
44:07 Town Patrol
43:30 Elite Longbowman
44:08 Arrowslits
44:36 Masonry
46:22 Bodkin Arrow
47:29 Blast Furnace
47:19 Conscription
47:20 Fortified Wall
48:40 Two-Man Saw
60:26 Warwolf
andres-4593
0:34 Loom
10:48 Feudal Age
11:17 Double-Bit Axe
12:20 Town Watch
15:35 Wheelbarrow
14:57 Horse Collar
21:58 Castle Age
20:21 Gold Mining
20:26 Stone Mining
20:34 Fletching
21:20 Padded Archer Armor
21:22 Man-at-Arms
22:16 Scale Mail Armor
23:16 Forging
24:05 Town Patrol
26:10 Hand Cart
26:40 Bow Saw
27:18 Heavy Plow
29:04 Gold Shaft Mining
29:41 Stone Shaft Mining
31:40 Iron Casting
30:29 Long Swordsman
30:35 Elite Skirmisher
31:49 Pikeman
33:30 Chain Mail Armor
37:13 Imperial Age
34:11 Crossbowman
34:43 Arson
35:14 Bodkin Arrow
36:01 Leather Archer Armor
37:01 Ballistics
38:46 Crop Rotation
39:35 Chemistry
38:07 Two-Handed Swordsman
40:10 Tusk Swords
40:09 Heated Shot
41:45 Ring Archer Armor
42:16 Double Crossbow
43:45 Bracer
46:14 Arbalester
48:00 Blast Furnace
50:21 Onager
50:23 Heavy Scorpion
50:30 Heavy Cavalry Archer
54:39 Elite Ballista Elephant
55:53 Halberdier
58:38 Heavy Cavalry Archer
FolaPR
0:34 Loom
12:37 Feudal Age
18:49 Forging
18:47 Scale Barding Armor
22:01 Castle Age
20:40 Double-Bit Axe
20:48 Horse Collar
24:01 Heavy Plow
24:16 Bow Saw
24:00 Gold Mining
24:00 Stone Mining
25:46 Forging
25:37 Scale Mail Armor
25:43 Scale Barding Armor
25:39 Padded Archer Armor
25:30 Fletching
30:26 Squires
29:46 Pikeman
29:47 Man-at-Arms
37:12 Imperial Age
36:22 Crossbowman
36:23 Elite Skirmisher
37:18 Husbandry
37:29 Bloodlines
36:40 Light Cavalry
39:24 Ballistics
39:27 Leather Archer Armor
40:18 Murder Holes
41:26 Chemistry
41:33 Heavy Cavalry Archer
43:13 Cavalier
45:26 Wheelbarrow
44:38 Town Watch
45:38 Siege Engineers
55:35 Hand Cart
55:21 Town Patrol
60:05 Chain Mail Armor
francisletsfly
13:52 Feudal Age
14:42 Double-Bit Axe
14:40 Horse Collar
18:40 Loom
18:41 Town Watch
19:35 Wheelbarrow
20:04 Gold Mining
23:54 Castle Age
23:23 Stone Mining
23:42 Fletching
24:03 Forging
23:53 Scale Mail Armor
28:11 Bodkin Arrow
28:57 Stone Shaft Mining
29:01 Gold Shaft Mining
30:40 Bow Saw
30:44 Heavy Plow
31:51 Pikeman
32:32 Squires
32:18 Arson
35:46 Imperial Age
33:30 Caravan
38:37 Murder Holes
38:53 Fortified Wall
38:25 Treadmill Crane
40:04 Ballistics
40:46 Chemistry
41:09 Two-Man Saw
40:33 Hand Cart
40:39 Hand Cart
40:36 Town Patrol
41:59 Heavy Rocket Cart
49:25 Shinkichon
52:28 Elite War Wagon
Connection lost

Rejoining the realm…

Still unreachable

The connection could not be restored.

Session expired

The server has moved on; the page needs a fresh start.